 Dungeon Crawl Stone Soup version 0.20.1-1-g8b1a95d (webtiles) character file.

24 Folque the Conjurer (level 3, -2/21 HPs)
             Began as a Tengu Conjurer on Nov 4, 2017.
             Slain by an adder (3 damage)
             ... on level 2 of the Dungeon.
             The game lasted 00:02:27 (1008 turns).

Folque the Conjurer (Tengu Conjurer)                Turns: 1008, Time: 00:02:28

Health: -2/21      AC:  2    Str:  8    XL:     3   Next: 2%
Magic:  4/7        EV: 12    Int: 16    God:
Gold:   62         SH:  0    Dex: 14    Spells: 0/6 levels left

rFire    . . .     SeeInvis .   l - +0 short sword
rCold    . . .     Gourm    .   (no shield)
rNeg     . . .     Faith    .   a - +0 robe
rPois    .         Spirit   .   (helmet restricted)
rElec    .         Reflect  .   (no cloak)
rCorr    .         Harm     .   (no gloves)
MR       .....                  (boots unavailable)
Stlth    ++........             (no amulet)
Regen    0.1/turn               (no ring)
MPRegen  0.1/turn               (no ring)

@: lethally poisoned (-2 -> -18)
A: beak, talons 3
a: no special abilities


You were on level 2 of the Dungeon.
You were hungry.

You visited 1 branch of the dungeon, and saw 2 of its levels.

You collected 62 gold pieces.

Inventory:

Hand Weapons
 e - a +0 club
 l - a +0 short sword (weapon)
Armour
 a - a +0 robe (worn)
Scrolls
 j - 2 scrolls of teleportation {unknown}
Potions
 d - a potion of heal wounds {unknown}
 f - a potion of agility {unknown}
 g - 2 potions of magic {unknown}
 i - 2 potions of curing {unknown}
 o - a potion of cancellation {unknown}
 p - a potion of haste {unknown}
Books
 b - a book of Conjurations

   Spells                             Type                      Level
   a - Magic Dart                     Conjuration                  1
   b - Searing Ray                    Conjuration                  2
   c - Dazzling Spray                 Conjuration/Hexes            3
   d - Fulminant Prism                Conjuration/Hexes            4
   e - Force Lance                    Conjuration/Translocation    4
   f - Iskenderun's Mystic Blast      Conjuration                  4
Comestibles
 c - a bread ration
 h - 4 fruits
 k - a royal jelly
 m - 2 chunks of flesh
 n - a meat ration


   Skills:
 + Level 2.0 Fighting
 - Level 2.1 Dodging
 - Level 2.0 Stealth
 + Level 2.3 Spellcasting
 * Level 5.3 Conjurations


You couldn't memorise any spells.
You knew the following spells:

 Your Spells              Type           Power        Failure   Level  Hunger
a - Magic Dart            Conj           ###.         2%          1    #......
b - Searing Ray           Conj           ###...       3%          2    ###....
c - Dazzling Spray        Conj/Hex       ##....       21%         3    ###....


Dungeon Overview and Level Annotations

Branches:
Dungeon (2/15)

Altars:
Dithmenos


Innate Abilities, Weirdness & Mutations

You have a beak for a mouth.
You have claws for feet.


Message History

You are lethally poisoned!
The adder poisons you! The adder bites you.
* * * LOW HITPOINT WARNING * * *
* * * LOW HITPOINT WARNING * * *
You feel sick. The adder bites you.
* * * LOW HITPOINT WARNING * * *
You are more poisoned.
The adder poisons you!
Casting: Magic Dart
Confirm with . or Enter, or press ? or * to list all spells.
Aiming: Dazzling Spray
Press: ? - help, Shift-Dir - straight line, f - adder
Aim: an adder (heavily wounded)
The spray of energy misses the adder.
The spray of energy hits the hobgoblin.
The hobgoblin is severely wounded.
The hobgoblin is dazzled.
You are feeling hungry.
* * * LOW HITPOINT WARNING * * *
You feel sick. The adder bites you.
You die...

#.### #...# #§#.#
#§§.# #§_.# #...#
#######..##
.......)##
########.#
######.[#
#S@.......
........#
#g######.#
######.## #.#
#.########.#
#..........####
#######........g.
#.######### #.#
###


You could see an adder and a hobgoblin (blind).

Vanquished Creatures
  An adder (D:2)
  A dart slug (D:1)
  5 hobgoblins
  A kobold (D:1)
  2 bats
  2 frilled lizards
  A rat (D:1)
  A toadstool (D:1)
14 creatures vanquished.

Vanquished Creatures (others)
  3 toadstools (D:1)
3 creatures vanquished.

Grand Total: 17 creatures vanquished

Notes
Turn   | Place    | Note
-------+----------+-------------------------------------------
     0 | D:1      | Folque the Tengu Conjurer began the quest for the Orb.
     0 | D:1      | Reached XP level 1. HP: 10/10 MP: 4/4
   168 | D:1      | Reached skill level 1 in Fighting
   236 | D:1      | Reached XP level 2. HP: 11/16 MP: 6/6
   240 | D:1      | Learned a level 2 spell: Searing Ray
   972 | D:2      | Found a shadowy altar of Dithmenos.
   987 | D:2      | Reached XP level 3. HP: 21/21 MP: 7/7
   997 | D:2      | Learned a level 3 spell: Dazzling Spray
  1008 | D:2      | HP: 1/21 [poisoned by an adder]
  1008 | D:2      | Slain by an adder

Skill      XL: |  1  2 |
---------------+-------+-----
Fighting       | 1 2 |  2.0
Dodging        | |  2.1
Stealth        | |  2.0
Spellcasting   | |  2.3
Conjurations   | |  5.3

Action                   || total
-------------------------++-------
Melee: Unarmed           ||     9
       Club              ||     6
       Peck              ||     5
       Short sword       ||    12
       Kick              ||     1
 Cast: Magic Dart        ||    12
       Dazzling Spray    ||     1
 Stab: Sleeping          ||     2
Armor: Robe              ||     2
Dodge: Dodged            ||     6
